 Dungeon Crawl Stone Soup version 0.31.0-12-g77e489cdc1 (webtiles) character file.

Game seed: 7504694322008597857

2086 ChrisAssaf the Sneak (level 9, -3/79 HPs)
             Began as a Naga Chaos Knight on Feb 28, 2024.
             Was a Plaything of Xom.
             Slain by Jeremiah
             ... wielding a +4 vampiric trident
              (8 damage)
             ... on level 7 of the Dungeon.
             The game lasted 00:23:18 (5754 turns).

ChrisAssaf the Sneak (Naga Chaos Knight)            Turns: 5754, Time: 00:23:18

Health: -3/79      AC:  5    Str: 15    XL:     9   Next: 27%
Magic:  12/12      EV: 10    Int: 16    God:    Xom [.*....]
Gold:   337        SH:  0    Dex: 11    Spells: 5/12 levels left

rFire   . . .        i - +4 quarterstaff (chaos)
rCold   . . .        (shield currently unavailable)
rNeg    . . .        c - +0 troll leather armour
rPois   +            (helmet restricted)
rElec   .            (no cloak)
rCorr   .            (no gloves)
SInv    +            (no barding)
Will    +....        (no amulet)
Stlth   ++           (no ring)
HPRegen 1.13/turn    (no ring)
MPRegen 0.13/turn

%: no passive effects
@: short of breath, invisible, very slow
A: AC +3, large, see invisible, deformed body, poison resistance, slowness 2,
spit poison 1, naga tail 1, horns 1, stinger 1, sense surroundings 1
a: Spit Poison, Renounce Religion


You were on level 7 of the Dungeon.
You worshipped Xom.
You were a plaything of Xom.
You visited 1 branch of the dungeon, and saw 7 of its levels.

You collected 337 gold pieces.

Inventory:

Hand Weapons
 a - a +0 mace of chaos
 i - a +4 quarterstaff of chaos (weapon)
Missiles
 d - 4 curare-tipped darts (quivered)
 m - a throwing net
Armour
 b - a +2 leather armour
 c - a +0 troll leather armour (worn)
Talismans
 f - a flux talisman
Wands
 e - a wand of iceblast (23)
 l - a wand of flame (14)
Scrolls
 k - a scroll of fog
 n - 5 scrolls of teleportation
Potions
 h - a potion of lignification
 j - a potion of magic {unknown}


   Skills:
 * Level 4.6 Fighting
 - Level 3.7(4.9) Maces & Flails
 * Level 4.9(5.5) Staves
 * Level 3.2 Throwing
 * Level 3.8 Armour
 * Level 2.6 Dodging
 * Level 4.9 Stealth
 * Level 2.2 Spellcasting
 * Level 2.5 Conjurations
 * Level 2.4 Necromancy
 * Level 2.5 Ice Magic
 * Level 2.5 Shapeshifting


You had 5 spell levels left.
You knew the following spells:

 Your Spells              Type           Power      Damage    Failure   Level
a - Kiss of Death         Conj/Necr      36%        2d8       9%          1
b - Frozen Ramparts       Ice            20%        1d4       26%         3
c - Confusing Touch       Hex            1%         N/A       58%         3

Your spell library contained the following spells:

 Spells                   Type           Power      Damage    Failure   Level
 Lesser Beckoning         Tloc           2%         N/A       36%         2
 Gell's Gravitas          Tloc           1%         N/A       58%         3
 Teleport Other           Tloc           1%         N/A       58%         3
 Dispel Undead            Necr           9%         3d8       65%         4
 Leda's Liquefaction      Alch/Erth      0%         N/A       94%         4
 Petrify                  Alch/Erth      1%         N/A       94%         4
 Metabolic Englaciation   Hex/Ice        2%         N/A       99%         5


Dungeon Overview and Level Annotations

Branches:
Dungeon (7/15)             Temple (0/1) D:6

Altars:
Makhleb
Vehumet

Annotations:
D:7 Jeremiah


Innate Abilities, Weirdness & Mutations

Your serpentine skin is tough. (AC +3)
You have supernaturally acute eyesight. (SInv)
Armour fits poorly on your strangely shaped body.
Your system is resistant to poisons. (rPois)
You cover ground very slowly.
You can spit poison.
You have a snake-like lower body.
You have a pair of small horns on your head.
Your tail ends in a venomous barb.
You passively map a small area around you.


Message History

It was a potion of invisibility.
You fade into invisibility!
Xom thinks this is hilarious!
The butterfly disappears in a burst of colours!
Jeremiah hits you from afar with a +4 vampiric trident!
* * * LOW HITPOINT WARNING * * *
Unknown command.
You catch the helpless butterfly completely off-guard!
You hit the butterfly.
You kill the butterfly!
The butterfly disappears in a burst of colours!
Jeremiah misses you.
You thump the butterfly!
You kill the butterfly!
The butterfly disappears in a burst of colours! x2
You barely miss the butterfly. Your headbutt misses the butterfly.
The butterfly disappears in a burst of colours! x4
Jeremiah barely misses you.
Aiming: Spit Poison (1% risk of failure)
Press: ? - help, Shift-Dir - straight line, f/p - Jeremiah
Aim: Jeremiah, wielding a +4 vampiric trident, wearing a +2 robe of willpower, wearing an orb of energy and carrying a wand of iceblast (severely wounded, unable to see you, 55% to hit)
The splash of poison misses Jeremiah.
The butterfly disappears in a burst of colours!
Jeremiah closely misses you.
You closely miss Jeremiah.
Jeremiah is severely wounded.
The butterfly disappears in a burst of colours!
Jeremiah hits you with a +4 vampiric trident!
* * * LOW HITPOINT WARNING * * *
Unknown command.
Press: ? - help, v - describe, . - travel
Here: Jeremiah, wielding a +4 vampiric trident, wearing a +2 robe of willpower, wearing an orb of energy and carrying a wand of iceblast (severely wounded, unable to see you)
The floor.
Unknown command.
You miss Jeremiah.
You headbutt Jeremiah, but do no damage.
Jeremiah is severely wounded.
Jeremiah hits you with a +4 vampiric trident!
You die...
Jeremiah asks, "Is it over?
Can I wake up now?"

*
##.##.....##
#. ##...## *
* , #....# ,
#...## * * *
#b..# #...#
, ,*#.bb# *
#.))#
,*#.b@# , ,


.b..bbbF# * #####bb## ** * #bb# , , ...# * *##b## , .. * *### You could see
Jeremiah (unable to see you).

Vanquished Creatures
  A troll (D:6)
  Eustachio (D:6)
  2 sky beasts (D:6)
  3 black bears
  2 ogres
  2 centaurs (D:7)
  A phantom (D:3)
  A howler monkey (D:5)
  2 bombardier beetles
  3 hounds
  An orc priest (D:6)
  A gnoll bouda (D:5)
  3 jellies
  Crazy Yiuf (D:2)
  4 iguanas
  2 orc wizards (D:7)
  11 adders
  6 gnolls
  A shadow imp (D:6)
  4 white imps
  2 dart slugs
  10 orcs
  11 ball pythons
  10 endoplasms
  A giant cockroach (D:1)
  7 goblins
  9 hobgoblins
  7 quokkas
  11 bats
  A frilled lizard (D:1)
  8 kobolds
  7 rats
136 creatures vanquished.

Vanquished Creatures (collateral kills)
  An ogre (D:6)
  A rat (D:3)
2 creatures vanquished.

Vanquished Creatures (others)
  A jelly zombie (D:6)
  A quokka (D:7)
2 creatures vanquished.

Grand Total: 140 creatures vanquished

Notes
Turn   | Place    | Note
-------+----------+-------------------------------------------
     0 | D:1      | ChrisAssaf the Naga Chaos Knight began the quest for the
                  | Orb.
     0 | D:1      | Reached XP level 1. HP: 21/21 MP: 1/1
   175 | D:1      | Reached XP level 2. HP: 28/28 MP: 2/2
   414 | D:1      | Reached skill level 1 in Dodging
   416 | D:1      | Reached skill level 1 in Stealth
   431 | D:1      | XOM: smoke on damage
   487 | D:1      | Reached XP level 3. HP: 31/34 MP: 3/3
   550 | D:1      | XOM: silly message
  1062 | D:2      | Reached XP level 4. HP: 32/42 MP: 4/4
  1210 | D:2      | Found a runed translucent door.
  1211 | D:2      | Noticed Crazy Yiuf
  1219 | D:2      | Killed Crazy Yiuf
  1220 | D:2      | Reached skill level 1 in Throwing
  1476 | D:3      | XOM: summons friendly ufetubus
  1491 | D:3      | Reached XP level 5. HP: 49/49 MP: 5/5
  1558 | D:3      | Learned a level 1 spell: Kiss of Death
  1562 | D:3      | Learned a level 3 spell: Frozen Ramparts
  1621 | D:3      | XOM: 3-stop teleportation journey
  1929 | D:3      | Noticed a phantom
  1950 | D:3      | Killed a phantom
  1951 | D:3      | Reached skill level 1 in Staves
  1951 | D:3      | Reached skill level 1 in Shapeshifting
  1951 | D:3      | Reached XP level 6. HP: 56/56 MP: 6/6
  1969 | D:3      | XOM: noise
  2228 | D:4      | XOM: 3-stop teleportation journey
  2579 | D:4      | Reached skill level 1 in Ice Magic
  2665 | D:4      | XOM: smoke on damage
  2673 | D:4      | Reached XP level 7. HP: 37/62 MP: 8/8
  2968 | D:4      | Found a radiant altar of Vehumet.
  2980 | D:4      | Gained mutation: Your tail ends in a venomous barb. [potion
                  | of mutation]
  2980 | D:4      | Gained mutation: You passively map a small area around you.
                  | [potion of mutation]
  2980 | D:4      | Gained mutation: You have a pair of small horns on your
                  | head. [potion of mutation]
  3336 | D:5      | Entered Level 5 of the Dungeon
  3381 | D:5      | Reached skill level 1 in Spellcasting
  3381 | D:5      | Reached skill level 1 in Conjurations
  3381 | D:5      | Reached skill level 1 in Necromancy
  3505 | D:5      | XOM: 1-stop teleportation journey
  3513 | D:5      | XOM: blink monster(s)
  4028 | D:5      | Reached XP level 8. HP: 71/72 MP: 8/10
  4036 | D:5      | Learned a level 3 spell: Confusing Touch
  4216 | D:5      | XOM: enchant monster (bad)
  4324 | D:5      | XOM: 7-stop teleportation journey
  4443 | D:5      | XOM: silly message
  4686 | D:6      | XOM: blink monster(s)
  4777 | D:6      | Noticed Eustachio
  4844 | D:6      | Found a burning altar of Makhleb.
  4889 | D:6      | Killed Eustachio
  5177 | D:6      | Noticed a troll
  5188 | D:6      | Killed a troll
  5189 | D:6      | Reached XP level 9. HP: 57/79 MP: 10/12
  5390 | D:6      | Found a staircase to the Ecumenical Temple.
  5585 | D:7      | XOM: noise
  5608 | D:7      | XOM: cast spell 'Dispersal'
  5642 | D:7      | XOM: enchant monster (good)
  5708 | D:7      | Noticed Jeremiah
  5741 | D:7      | XOM: confuse monster(s)
  5754 | D:7      | Slain by Jeremiah

Illustrated notes

Levels and vault maps discovered:
D:1:      onia_arrival_pyramid, layout_basic
D:2:      layout_basic, minmay_misc_feat_enclosed, corexii_corridor_pit,
          uniq_crazy_yiuf_cottage
D:3:      layout_rooms, minmay_misc_feat_cross, minmay_divided_ellipse
D:4:      layout_basic, nicolae_vehumet_altar_sigil, kennysheep_generic_room_13
D:5:      minmay_angry_zag, layout_basic
D:6:      layout_cave_pools, mainiacjoe_overflow_concentric_impassable,
          temple_green, uniq_eustachio
D:7:      gammafunk_wand_slinger, layout_loops_ring, elyvilon_altar_4,
          uniq_jeremiah

Skill      XL: |  1  2  3  4  5  6  7  8 |
---------------+-------------------------+-----
Dodging        | 1 2 |  2.6
Stealth        | 1 2 3 4 |  4.9
Throwing       | 1 2 3 |  3.2
Armour         | 2 3 |  3.8
Staves         | 1 2 4 |  4.9
Shapeshifting  | 1 2 |  2.5
Ice Magic      | 1 2 |  2.5
Spellcasting   | 1 2 |  2.2
Conjurations   | 1 2 |  2.5
Necromancy     | 1 2 |  2.4
Fighting       | 4 |  4.6
Maces & Flails | |  3.7

Action                     |  1- 3 |  4- 6 |  7- 9 || total
---------------------------+-------+-------+-------++-------
  Melee: Mace              |    82 |     3 |       ||    85
         Quarterstaff      |       |    69 |   139 ||   208
         Headbutt          |       |       |    25 ||    25
  Throw: Boomerang         |    30 |    38 |       ||    68
         Dart              |       |       |     7 ||     7
   Cast: Frozen Ramparts   |       |       |     2 ||     2
         Kiss of Death     |       |       |     2 ||     2
Ability: Spit Poison       |    22 |    21 |    34 ||    77
  Evoke: Wand              |       |       |     5 ||     5
    Use: Potion            |       |     4 |     5 ||     9
         Scroll            |       |     3 |     5 ||     8
   Stab: Distracted        |       |       |     1 ||     1
         Invisible         |       |       |     1 ||     1
 Armour: Leather armour    |    80 |    77 |   135 ||   292
         Skin              |       |     8 |     8 ||    16
         Troll leather arm |       |       |    40 ||    40
  Dodge: Dodged            |    53 |    65 |    81 ||   199
